asndbklaskdbn, neutral female scurrid Tourist ------------- |...........| |...@.......| |....d......| |...........| ---------- -- asndbklaskdbn the Rambler Experience level: 1 Strength: 13 Dexterity: 11 Constitution: 14 Intelligence: 13 Wisdom: 8 Charisma: 16 Health: 0(9) Energy: 2(2) Def: 0 Gold: 280 Moves: 84 Dungeon seed: __J1dx3RZpePrNfA Game ID: asndbklaskdbn_1528522500 Your Inventory: Coins $ - 280 gold pieces Weapons a - 39 uncursed +2 darts (in quiver) Armor e - an uncursed +0 Hawaiian shirt (being worn) Comestibles b - 4 uncursed food rations c - an uncursed tin of goblin meat d - an uncursed cream pie f - an uncursed apple g - 2 uncursed tripe rations h - an uncursed egg i - an uncursed eucalyptus leaf Scrolls l - 2 uncursed scrolls of magic mapping m - 2 blessed scrolls of magic mapping s - an uncursed scroll of scare monster Potions k - an uncursed potion of extra healing Wands p - an uncursed wand of secret door detection (0:15) Tools n - an uncursed expensive camera (0:93) o - an uncursed credit card q - an uncursed towel Spells and supernatural/magical abilities: Name Level Category Fail Memory W - pray for help -- divine ? -- Your skills at the end: Miscellaneous Skills wands [Basic] Weapon Skills dart [Basic] Spellcasting Skills Final Attributes: You were devoutly aligned. Your writing paw was a little cramped from use. You had infravision. You were very stealthy. You are dead. Vanquished creatures: a newt Voluntary challenges: You went without food. You did not adorn yourself with jewelry or accessories. You did not cause conflict. You were not invisible. You did not have reflection. You were not displaced. You were an atheist. You never hit with a wielded weapon. You were a pacifist. You did not use tools. You did not use plumbed fixtures. You read items or engraved 2 times, starting on turn 39. You never genocided any monsters. You never polymorphed an object. You never changed form. You used no wishes. You never split a pudding. You wrote Elbereth's name 2 times, starting on turn 39. You never violated your personal moral code. Dungeon overview: The Dungeons of Doom: levels 1 to 12 Level 1 a long staircase Level 2 Level 3 Level 4 Level 5 Level 6 a fountain Level 7 Level 8 some fountains Level 9 Level 10 Level 11 Level 12 <- You were here History has recorded: On T:1 you entered the Dungeons of Doom to retrieve the Amulet of Yendor! On T:10 you reached level 2 of The Dungeons of Doom. On T:16 you reached level 3 of The Dungeons of Doom. On T:19 you reached level 4 of The Dungeons of Doom. On T:26 you reached level 5 of The Dungeons of Doom. On T:34 you reached level 6 of The Dungeons of Doom. On T:40 you reached level 7 of The Dungeons of Doom. On T:51 you reached level 8 of The Dungeons of Doom. On T:58 you reached level 9 of The Dungeons of Doom. On T:66 you reached level 10 of The Dungeons of Doom. On T:75 you reached level 11 of The Dungeons of Doom. On T:81 you reached level 12 of The Dungeons of Doom. Score breakdown: Gold: 0 ( 0 points) Experience: 1 level ( 0 points) Exploration: 12 levels ( 330 points) Discoveries: 1 item ( 50 points) Variety of kills: 1 monster ( 50 points) Major goal: (nothing yet) ( 0 points) Survival: died (score multiplied by 3) Total score: 1290 Latest messages: You fall through... You start digging downward. You continue digging downward. You dig a pit in the floor. You continue digging downward. (6x) You dig a hole through the floor. You fall through... s - a scroll labeled HAPAX LEGOMENON. You start digging downward. You continue digging downward. You dig a pit in the floor. You continue digging downward. (6x) You dig a hole through the floor. You fall through... You start digging downward. You continue digging downward. You dig a pit in the floor. You continue digging downward. You hear some noises. You continue digging downward. The puppy bites! (2x) You die... Final status: Aloha asndbklaskdbn the Tourist, killed by a puppy... You died in The Dungeons of Doom on dungeon level 12 with 1290 points, and 280 pieces of gold, after 84 moves. You were level 1 with a maximum of 9 hit points when you died.